Map: 2000 Atmospheres LE

Players

Lambo - Winner!

  • Race: Zerg Zerg
  • League: Grandmaster

Spirit (souL)

  • Race: Terran Terran
  • League: Master

VOD

Have the link to the VOD?

Description

Time

  • Played on: Oct. 21, 2021, 7:47 a.m.
  • Length: 14:10
Show
View Real Time Build Order
Export as new Build Order

Lambo Zerg - Winner!

Build Orders: Hatch First, Lurkers 

Get SALT Encoding   

  12  0:00  Drone  
  13  0:12  Overlord  
  13  0:16  Drone  
  14  0:30  Drone x2  
  16  0:47  Hatchery  
  15  0:51  Drone  
  15  0:54  Drone  
  18  0:57  Drone  
  18  1:08  Extractor  
  17  1:12  Spawning Pool  
  17  1:15  Drone  
  18  1:18  Drone  
  18  1:27  Drone  
  19  1:39  Drone  
  20  1:49  Drone  
  21  1:58  Queen  
  21  1:59  Queen, Zergling x2  
  21  2:00  Zergling x2  
  27  2:09  Drone  
  27  2:10  Overlord  
  28  2:19  Hatchery  
  28  2:22  Drone  
  29  2:30  Drone  
  29  2:32  Drone x2  
  30  2:37  Queen  
  30  2:44  Overlord  
  32  2:48  Metabolic Boost  
  32  2:49  Drone  
  33  2:53  Drone  
  33  2:54  Drone  
  35  3:01  Queen  
  37  3:06  Drone x2  
  37  3:10  Drone x2  
  41  3:14  Drone x2  
  41  3:19  Overlord  
  43  3:25  Overlord  
  43  3:30  Drone  
  43  3:31  Queen  
  46  3:34  Queen  
  46  3:36  Drone  
  46  3:40  Drone x2  
  51  3:43  Zergling x4  
  51  3:45  Overlord  
  51  3:46  Drone  
  54  3:50  Drone x2  
  56  3:57  Drone x4  
  56  4:01  Drone  
  61  4:07  Zergling x4  
  63  4:11  Overlord  
  63  4:14  Drone  
  63  4:16  Drone, Queen  
  64  4:19  Overlord  
  64  4:20  Drone x2  
  70  4:29  Drone x5, Evolution Chamber  
  70  4:31  Baneling Nest  
  71  4:33  Drone x2, Extractor  
  72  4:41  Drone  
  72  4:43  Overlord  
  72  4:44  Drone  
  74  4:48  Extractor  
  74  4:49  Drone x2  
  74  4:50  Drone x4  
  79  4:53  Extractor  
  79  4:55  Overlord  
  79  4:56  Drone x2  
  79  4:57  Drone  
  81  5:01  Zerg Ground Armor Level 1  
  81  5:02  Drone x2  
  81  5:03  Lair  
  81  5:04  Drone  
  81  5:06  Queen, Extractor  
  85  5:09  Drone  
  86  5:15  Zergling x4  
  86  5:19  Hatchery  
  86  5:21  Zergling x14  
  93  5:24  Overlord  
  94  5:31  Overlord  
  94  5:32  Evolution Chamber, Zergling x6  
  94  5:33  Baneling x4  
  96  5:40  Overlord  
  96  5:41  Overlord  
  96  5:42  Overlord  
  96  5:43  Extractor  
  96  5:45  Drone x2  
  97  5:50  Drone  
  97  5:52  Drone  
  97  5:53  Zergling x10  
  104  5:58  Baneling x2  
  104  6:02  Drone  
  105  6:05  Zerg Melee Weapons Level 1  
  105  6:06  Centrifugal Hooks  
  105  6:07  Hydralisk Den  
  105  6:09  Overlord  
  103  6:11  Zergling x4  
  103  6:12  Baneling x3  
  103  6:13  Baneling x2  
  103  6:14  Zergling x4  
  103  6:18  Queen  
  109  6:19  Drone x4  
  109  6:20  Zergling x2  
  109  6:21  Zergling x6  
  113  6:33  Zergling x12  
  109  6:41  Overseer  
  109  6:42  Drone x3  
  109  6:44  Muscular Augments  
  109  6:46  Overseer  
  112  6:47  Pneumatized Carapace  
  112  6:48  Drone x7  
  112  6:51  Spore Crawler  
  112  6:52  Drone x2  
  120  6:55  Drone  
  120  6:58  Spore Crawler  
  120  7:00  Zergling x2  
  121  7:04  Zergling x6  
  124  7:14  Zergling x8  
  115  7:16  Hydralisk  
  115  7:18  Baneling x4  
  115  7:19  Baneling, Zergling x12  
  115  7:20  Zerg Ground Armor Level 2  
  123  7:23  Drone  
  123  7:24  Infestation Pit  
  123  7:25  Extractor  
  123  7:26  Hydralisk x5, Extractor  
  131  7:31  Drone  
  131  7:33  Zergling x6  
  135  7:37  Drone x2  
  135  7:43  Baneling x4  
  137  7:44  Hydralisk x2  
  137  7:48  Hydralisk  
  143  7:52  Overlord  
  143  7:58  Zergling x4  
  139  8:02  Zergling x24  
  139  8:05  Hive  
  141  8:08  Lurker Den  
  141  8:11  Hydralisk x3  
  146  8:14  Zergling x2  
  146  8:15  Grooved Spines  
  146  8:17  Zerg Missile Weapons Level 1  
  146  8:18  Zergling x6  
  150  8:24  Drone  
  151  8:28  Baneling x6  
  151  8:31  Hatchery  
  144  8:34  Zergling x2  
  144  8:35  Zergling x14  
  144  8:36  Baneling x5  
  144  8:37  Overlord  
  144  8:40  Drone  
  152  8:41  Drone  
  152  8:48  Overlord  
  153  8:49  Baneling x4  
  153  8:55  Queen  
  154  8:56  Zergling x12  
  154  9:01  Zergling x10  
  160  9:08  Zergling x10  
  154  9:13  Drone x2  
  154  9:14  Overseer  
  154  9:16  Zergling x16  
  164  9:19  Zergling x2  
  164  9:21  Lurker x3  
  164  9:22  Lurker  
  158  9:32  Zergling x14  
  158  9:34  Baneling x8  
  158  9:36  Seismic Spines  
  162  9:39  Zergling x6  
  162  9:43  Queen  
  167  9:45  Zerg Ground Armor Level 3  
  167  9:51  Overlord  
  167  9:52  Queen, Overlord  
  167  9:53  Queen, Overlord  
  167  9:55  Overlord  
  167  9:59  Overlord  
  164  10:01  Hydralisk x2  
  164  10:05  Spore Crawler, Hydralisk, Overlord  
  164  10:06  Spore Crawler  
  167  10:12  Viper x2  
  167  10:13  Hydralisk x3  
  167  10:14  Hydralisk  
  175  10:19  Hydralisk x7  
  191  10:25  Zergling x12  
  190  10:33  Adaptive Talons  
  185  10:36  Zergling x16  
  185  10:40  Zergling x14  
  193  10:44  Lurker x5  
  193  10:45  Overseer, Lurker x2  
  187  10:51  Lurker, Hydralisk  
  189  10:58  Zergling x10  
  189  11:02  Lurker x2  
  196  11:06  Hatchery  
  196  11:07  Zergling x10  
  200  11:14  Overlord  
  200  11:19  Overlord  
  192  11:28  Zergling x16  
  198  11:43  Zergling x2  
  195  11:50  Zergling x24  
  172  12:03  Zergling x2  
  172  12:04  Zergling x16  
  176  12:14  Hydralisk x5  
  179  12:18  Hydralisk  
  179  12:19  Hydralisk x2  
  179  12:22  Queen x2  
  187  12:26  Hydralisk x3  
  191  12:35  Hydralisk x5  
  190  12:45  Hydralisk x5  
  190  12:46  Hydralisk  
  190  12:48  Drone x2  
  190  12:49  Drone  
  196  12:57  Drone x6  
  194  13:02  Viper x2  
  194  13:05  Zergling x6, Hydralisk  
  197  13:12  Hydralisk  
  197  13:19  Spore Crawler, Hydralisk x3  
  192  13:21  Zergling x6  
  182  13:27  Zergling x8  
  179  13:35  Zergling x14  
  182  13:43  Zergling x2  
  182  13:44  Zergling x10  
  176  13:52  Zergling x8  
Show
View Real Time Build Order
Export as new Build Order

Spirit Terran 

Build Orders: Reaper Expand 

Get SALT Encoding   

  12  0:00  SCV  
  13  0:12  SCV  
  14  0:17  Supply Depot  
  14  0:24  SCV  
  15  0:39  SCV  
  15  0:40  Barracks  
  16  0:44  Refinery  
  16  0:51  SCV  
  17  1:03  SCV  
  18  1:15  SCV  
  19  1:27  Reaper, Orbital Command  
  20  1:38  Command Center  
  20  1:46  Supply Depot  
  20  1:53  SCV  
  21  1:59  Marine  
  22  2:05  SCV  
  22  2:06  Factory  
  23  2:17  SCV  
  24  2:22  Barracks Reactor  
  24  2:29  SCV  
  25  2:39  Command Center  
  25  2:41  SCV  
  26  2:50  Orbital Command  
  26  2:53  SCV  
  27  3:02  Hellion x2  
  31  3:06  SCV  
  31  3:08  Barracks Tech Lab  
  32  3:15  SCV  
  32  3:18  SCV  
  34  3:23  Hellion x2  
  34  3:27  Marine, Stimpack  
  38  3:28  SCV  
  38  3:30  SCV  
  41  3:40  SCV  
  42  3:42  SCV  
  42  3:46  Refinery  
  43  3:50  Marine, Barracks  
  43  3:51  Barracks  
  43  3:52  Factory Reactor, SCV, Orbital Command  
  43  3:54  SCV  
  46  4:04  Engineering Bay, SCV  
  46  4:06  SCV, Engineering Bay  
  46  4:09  Starport  
  48  4:14  Marine  
  48  4:16  SCV  
  50  4:18  SCV  
  50  4:20  Supply Depot, SCV  
  52  4:28  SCV  
  52  4:30  SCV, Refinery, Orbital Command  
  54  4:32  Marine  
  54  4:37  Terran Infantry Weapons Level 1  
  56  4:40  SCV  
  56  4:41  Marine x2  
  56  4:42  SCV  
  56  4:43  Terran Infantry Armor Level 1  
  59  4:50  Marine x3, Refinery  
  59  4:52  Supply Depot, SCV  
  63  4:54  SCV, Starport Reactor  
  63  4:59  Marine x2, SCV  
  67  5:01  Factory Reactor  
  67  5:03  Supply Depot  
  67  5:04  SCV  
  67  5:07  SCV  
  69  5:11  Supply Depot  
  69  5:13  Marine x3  
  69  5:14  SCV  
  73  5:16  Combat Shield  
  73  5:17  Marine, SCV  
  73  5:19  Supply Depot  
  73  5:21  SCV  
  76  5:22  Supply Depot  
  76  5:26  SCV  
  76  5:27  Bunker  
  77  5:28  Marine  
  77  5:29  SCV  
  77  5:32  Medivac  
  77  5:33  Medivac, SCV  
  84  5:37  Widow Mine  
  84  5:38  Widow Mine  
  84  5:39  Marine  
  89  5:43  Supply Depot, SCV  
  89  5:45  SCV  
  89  5:48  Armory  
  89  5:49  SCV  
  92  5:51  Marine x2  
  92  5:53  Marine  
  92  5:55  SCV  
  96  5:57  Marine, SCV  
  96  6:01  SCV  
  96  6:02  Marine  
  100  6:05  Supply Depot  
  100  6:06  Supply Depot  
  100  6:07  SCV  
  100  6:09  SCV  
  100  6:10  Widow Mine  
  100  6:11  Barracks  
  104  6:12  Barracks  
  104  6:14  SCV  
  104  6:15  Widow Mine  
  104  6:16  Marine  
  104  6:18  Marine x3  
  108  6:19  SCV  
  108  6:20  Marine  
  108  6:23  Medivac  
  108  6:25  SCV  
  112  6:34  Marine  
  112  6:36  Marine x3  
  112  6:38  Marine  
  112  6:39  Medivac  
  105  6:40  Widow Mine  
  105  6:42  SCV  
  105  6:44  Terran Infantry Weapons Level 2  
  106  6:49  SCV  
  106  6:52  Marine, Refinery  
  106  6:53  Medivac  
  106  6:54  Marine x2, Terran Infantry Armor Level 2  
  111  6:55  Supply Depot  
  111  6:56  Supply Depot, Widow Mine  
  114  7:02  Barracks Reactor  
  114  7:04  Widow Mine  
  114  7:05  Marine x2  
  114  7:08  Barracks Reactor  
  118  7:10  Marine  
  118  7:11  Marine  
  118  7:12  Marine  
  116  7:17  Widow Mine  
  118  7:23  Marine x2  
  118  7:25  Widow Mine, Command Center  
  118  7:26  Factory, Supply Depot  
  118  7:27  Marine  
  118  7:29  Marine x2  
  124  7:33  Terran Vehicle And Ship Armor Level 1  
  125  7:39  Widow Mine  
  125  7:41  Marine x2  
  129  7:44  Marine  
  129  7:45  Marine x2  
  129  7:47  Marine x2  
  129  7:49  Marine, Medivac x2  
  129  7:50  Marine  
  129  7:51  Widow Mine  
  134  7:59  Marine x2  
  134  8:02  Marine, Widow Mine  
  134  8:03  Marine x2  
  134  8:05  Marine x2  
  141  8:07  Marine  
  141  8:08  Marine, Supply Depot  
  141  8:11  Supply Depot  
  141  8:12  Widow Mine  
  145  8:14  Factory Tech Lab  
  145  8:15  SCV  
  145  8:16  Marine  
  145  8:17  Marine  
  145  8:19  Liberator  
  148  8:20  Marine  
  148  8:21  Marine x2  
  148  8:23  Marine, Widow Mine  
  148  8:26  Supply Depot  
  157  8:29  Marine x3, Liberator  
  159  8:34  Marine x2  
  159  8:38  Marine  
  159  8:39  Marine x2, Widow Mine x2  
  159  8:40  SCV  
  169  8:42  Fusion Core  
  169  8:44  Marine  
  169  8:46  SCV  
  169  8:47  Marine x2  
  173  8:49  Marine  
  173  8:55  Marine, Widow Mine  
  176  8:58  Marine  
  176  8:59  Marine x3  
  176  9:00  Widow Mine  
  181  9:03  Marine  
  181  9:05  Widow Mine  
  181  9:08  Marine  
  178  9:11  Marine  
  178  9:14  Terran Infantry Weapons Level 3  
  178  9:15  Starport, SCV  
  178  9:16  SCV x2  
  182  9:17  Widow Mine  
  184  9:24  Marine  
  184  9:27  Drilling Claws  
  184  9:29  Marine  
  183  9:31  Marine x4, Refinery  
  183  9:32  Widow Mine  
  183  9:34  Refinery  
  183  9:35  Widow Mine  
  188  9:39  Widow Mine  
  188  9:42  Advanced Ballistics  
  188  9:43  Liberator  
  193  9:48  Planetary Fortress  
  193  9:50  SCV x3  
  184  9:57  Widow Mine  
  184  9:59  Marine  
  182  10:00  Marine  
  182  10:02  SCV x3  
  182  10:03  Starport Reactor  
  187  10:08  Barracks  
  187  10:09  Barracks  
  187  10:10  Barracks  
  174  10:14  SCV x2  
  174  10:15  Marine x6  
  179  10:23  Medivac  
  179  10:24  Widow Mine  
  179  10:25  Widow Mine x2  
  179  10:26  Medivac  
  179  10:27  Marine x2  
  159  10:29  Marine  
  158  10:40  Liberator  
  154  10:47  Liberator  
  150  10:53  Liberator  
  150  10:55  Widow Mine  
  150  10:56  Liberator  
  158  10:58  Refinery, Command Center  
  158  10:59  Barracks Tech Lab x2  
  158  11:16  Barracks Tech Lab  
  158  11:18  Widow Mine  
  160  11:21  Command Center  
  160  11:23  Liberator  
  159  11:29  Widow Mine x2  
  159  11:30  Liberator  
  159  11:31  Marauder x2  
  162  11:44  Marauder  
  162  11:45  Marauder  
  162  11:46  Liberator  
  155  11:47  Marine  
  155  11:49  Marine, Liberator  
  150  11:55  Marauder x2  
  150  11:59  Marine  
  150  12:00  Siege Tank  
  147  12:05  Marine, Liberator  
  147  12:06  Marauder  
  147  12:07  Marine, Marauder  
  145  12:15  Supply Depot x2  
  134  12:16  Marine  
  134  12:17  Marauder, Supply Depot  
  134  12:21  Marauder  
  123  12:59  Orbital Command  
  120  13:11  Supply Depot  
  120  13:12  Marine  
  108  13:13  Marine x3, Marauder, Supply Depot  
  108  13:18  Marine  
  108  13:19  Marine  
  108  13:21  Marine x2, Marauder  
  108  13:22  Liberator  
  108  13:25  Marauder  
  105  13:29  Marine  
  105  13:31  Marine x2  
  104  13:34  Marauder  
  104  13:39  Marine x3  
  103  13:43  Marauder  
  103  13:46  Marauder  
Tags
 
Add a new tag
Caveats
  • Supply blocks, unpowered buildings, or Contaminate may cause inaccurate times.
  • Supply counts are checked every 10 seconds.